 Dungeon Crawl Stone Soup version 0.28.0-43-g3370ac3207 (webtiles) character file.

Game seed: 17111278685925350322

9382 Kaptain the Geomancer (level 11, -6/68 HPs)
             Began as a Gargoyle Earth Elementalist on Mar 17, 2022.
             Mangled by a blink frog (12 damage)
             ... on level 1 of the Lair of Beasts.
             The game lasted 00:19:28 (12040 turns).

Kaptain the Geomancer (GrEE)                       Turns: 12040, Time: 00:19:28

Health: -6/68      AC: 17    Str: 12    XL:     11   Next: 45%
Magic:  18/21      EV: 13    Int: 20    God:
Gold:   479        SH:  0    Dex: 13    Spells: 20/24 levels left

rFire   . . .      SeeInvis .   t - +3 quarterstaff (spect)
rCold   . . .      Faith    .   (shield currently unavailable)
rNeg    + . .      Spirit   .   n - +2 leather armour of Tender Moments {Dex+3}
rPois   ∞          Reflect  .   (no helmet)
rElec   +          Harm     .   h - +1 cloak
rCorr   .          Rampage  .   (no gloves)
Will    .....                   r - +0 pair of boots
Stlth   +++.......              e - amulet of magic regeneration
HPRegen 0.21/turn               (no ring)
MPRegen 0.57/turn               (no ring)

@: hasted, very quick
A: sickness immunity, AC +8, negative energy resistance 1, electricity
resistance, torment resistance 1, petrification resistance
a: no special abilities


You were on level 1 of the Lair of Beasts.
You visited 3 branches of the dungeon, and saw 12 of its levels.

You collected 479 gold pieces.

Inventory:

Hand Weapons
 a - a +1 hand axe of holy wrath
 k - a +0 vampiric short sword
 t - a +3 spectral quarterstaff (weapon)
 D - a +3 broad axe
Missiles
 c - 281 stones (quivered)
 f - 26 poisoned darts
 m - 5 javelins
Armour
 h - a +1 cloak (worn)
 n - the +2 leather armour of Tender Moments (worn) {Dex+3}
   (You found it on level 3 of the Dungeon)

   Dex:       It affects your dexterity (+3).
 r - a +0 pair of boots (worn)
Jewellery
 e - an amulet of magic regeneration (around neck)
 o - an amulet of reflection
 u - a ring of fire
 x - an amulet of regeneration
 y - a ring of see invisible
Wands
 g - a wand of paralysis (6)
 i - a wand of mindburst (17)
 v - a wand of acid (9)
 B - a wand of digging (13)
 E - a wand of polymorph (5)
Scrolls
 l - 3 scrolls of identify
 s - a scroll of enchant armour
 w - a scroll of immolation
 A - a scroll of acquirement {unknown}
 C - a scroll of amnesia
Potions
 b - a potion of magic {unknown}
 d - a potion of might {unknown}
 j - 2 potions of cancellation
 p - a potion of heal wounds {unknown}
 q - a potion of haste
 z - 4 potions of brilliance


   Skills:
 * Level 8.3 Fighting
 + Level 5.9 Armour
 + Level 4.8 Dodging
 - Level 5.0 Stealth
 * Level 7.3 Spellcasting
 * Level 8.5 Conjurations
 - Level 0.7 Transmutations
 * Level 9.9 Earth Magic


You had 20 spell levels left.
You knew the following spells:

 Your Spells              Type           Power      Damage    Failure   Level
a - Sandblast             Erth           94%        2d19      1%          1
b - Stone Arrow           Conj/Erth      88%        3d12      1%          3

Your spell library contained the following spells:

 Spells                   Type           Power      Damage    Failure   Level
 Foxfire                  Conj/Fire      96%        2x1d8     1%          1
 Passwall                 Tmut/Erth      23%        N/A       1%          2
 Static Discharge         Conj/Air       24%        N/A       3%          2
 Conjure Flame            Conj/Fire      24%        6-21      6%          3
 Summon Small Mammal      Summ           28%        N/A       12%         1
 Petrify                  Tmut/Erth      28%        N/A       13%         4
 Flame Wave               Conj/Fire      24%        2d7       21%         4
 Sticky Flame             Conj/Fire      24%        2d5       21%         4
 Call Canine Familiar     Summ           7%         N/A       34%         3
 Inner Flame              Hex/Fire       7%         N/A       34%         3
 Summon Guardian Golem    Hex/Summ       7%         N/A       34%         3
 Dispel Undead            Necr           7%         3d8       75%         4


Dungeon Overview and Level Annotations

Branches:
Dungeon (10/15)            Temple (1/1) D:5            Lair (1/6) D:8
    Orc: D:9-12

Altars:
Ashenzari
Cheibriados
Dithmenos
Elyvilon
Fedhas
Gozag
Hepliaklqana
Kikubaaqudgha
Makhleb
Nemelex Xobeh
Okawaru
Qazlal
Ru
Sif Muna
Trog
Uskayaw
Vehumet
Wu Jian
Xom
Yredelemnul
Zin
The Shining One

Annotations:
D:10 3 runed translucent doors, Eitelfritz's ghost, novice MiGl


Innate Abilities, Weirdness & Mutations

You are immune to sickness and miasma.
Your stone body is resilient. (AC +8)
You are immune to poison.
You resist negative energy. (rN+)
You are resistant to electric shocks. (rElec)
You are resistant to unholy torment.
You are immune to petrification.


Message History

The blink frog blinks! x2
Casting: Stone Arrow (safe; 1% risk of failure)
Confirm with . or Enter, or press ? or * to list all spells.
Aiming: Stone Arrow (safe; 1% risk of failure)
Press: ? - help, Shift-Dir - straight line, f/p - blink frog
Aim: a blink frog (57% to hit)
The stone arrow misses the blink frog.
Unknown command.
You hit the blink frog.
The blink frog is lightly wounded.
Your +3 spectral quarterstaff hits the blink frog!
The blink frog hits you!
The komodo dragon bites you but does no damage.
The blink frog blinks!
The blink frog barely misses you.
The komodo dragon bites you but does no damage.
You hit the blink frog.
The blink frog is heavily wounded.
Your +3 spectral quarterstaff hits the blink frog.
The blink frog hits you but does no damage.
The komodo dragon bites you but does no damage.
The blink frog hits you but does no damage.
Unknown command.
You barely miss the blink frog.
The blink frog is severely wounded.
Your +3 spectral quarterstaff hits the blink frog!!
You kill the blink frog!
The komodo dragon bites you but does no damage.
The blink frog hits you but does no damage.
Unknown command.
You closely miss the blink frog.
The blink frog is severely wounded.
Your +3 spectral quarterstaff hits the blink frog.
The blink frog hits you but does no damage.
The komodo dragon bites you!! The blink frog hits you.
The komodo dragon bites you!
* * * LOW HITPOINT WARNING * * *
Okay, then.
You feel yourself speed up. The blink frog closely misses you.
The blink frog hits you!
You die...

.................§.../....
....<....................#
...................?......
...................P......
...................#......
............ #...........
.....####### #...........
.#.### #FFl##...... ...#
#.@§.# ##... #### #...## .
# ###...# #.#..## ##...#
####...#.#
#######......##.#
#....##....[.# .#
##P.#.......## #


You could see a komodo dragon and 2 blink frogs.

Vanquished Creatures
  A centaur warrior (D:9)
  A manticore (D:9)
  An elephant (D:8)
  Joseph (D:8)
  2 centaur zombies
  An unseen horror (D:7)
  Prince Ribbit (D:7)
  A hornet (D:9)
  3 blink frogs (Lair:1)
  9 yaks
  A steam dragon (D:9)
  4 vampire mosquitoes (D:10)
  An acid dragon (D:9)
  3 water moccasins
  A hornet zombie (D:9)
  4 orc warriors
  4 black bears
  2 ice beasts
  A sky beast (D:8)
  2 ogres
  4 necrophages (D:5)
  A centaur (D:9)
  A phantom (D:4)
  A kobold brigand (D:7)
  4 scorpions
  2 bullfrogs
  A water moccasin skeleton (D:6)
  4 killer bees
  13 wights
  A bullfrog zombie (D:5)
  A jelly (D:4)
  A hound (D:7)
  A gnoll shaman (D:8)
  5 orc priests
  A centaur skeleton (D:4)
  9 orc wizards
  A killer bee zombie (D:7)
  A hound skeleton (D:3)
  9 gnolls
  10 adders
  A shadow imp (D:7)
  2 white imps
  2 ufetubi
  An adder skeleton (D:2)
  2 worms (D:4)
  3 dart slugs
  29 orcs
  10 ball pythons
  5 bats
  A bat zombie (D:2)
  4 endoplasms
  15 goblins
  8 hobgoblins
  4 jackals (D:2)
  A quokka (D:1)
  6 frilled lizards
  19 kobolds
  7 rats
235 creatures vanquished.

Vanquished Creatures (others)
  A killer bee (D:9)
1 creature vanquished.

Grand Total: 236 creatures vanquished

Notes
Turn   | Place    | Note
-------+----------+-------------------------------------------
     0 | D:1      | Kaptain the Gargoyle Earth Elementalist began the quest for
                  | the Orb.
     0 | D:1      | Reached XP level 1. HP: 10/10 MP: 3/3
   244 | D:1      | Reached XP level 2. HP: 16/16 MP: 3/5
   296 | D:1      | Reached skill level 1 in Conjurations
   658 | D:1      | Found a faded altar of an unknown god.
  1047 | D:2      | Reached XP level 3. HP: 19/20 MP: 3/6
  1056 | D:2      | Reached skill level 1 in Fighting
  1486 | D:2      | Reached XP level 4. HP: 25/25 MP: 4/7
  1567 | D:2      | Reached skill level 4 in Earth Magic
  2334 | D:3      | Learned a level 3 spell: Stone Arrow
  2504 | D:3      | Reached skill level 1 in Armour
  2834 | D:3      | Reached XP level 5. HP: 28/30 MP: 7/9
  3180 | D:3      | Identified the +2 leather armour of Tender Moments {Dex+3}
  3821 | D:4      | Noticed a water moccasin
  3831 | D:4      | Killed a water moccasin
  3832 | D:4      | Reached XP level 6. HP: 24/36 MP: 6/10
  4250 | D:4      | Reached skill level 5 in Earth Magic
  4250 | D:4      | Reached XP level 7. HP: 38/40 MP: 8/12
  4639 | D:4      | Found a snail-covered altar of Cheibriados.
  4740 | D:5      | Entered Level 5 of the Dungeon
  4877 | D:5      | Reached XP level 8. HP: 48/48 MP: 5/13
  4984 | D:5      | Found a staircase to the Ecumenical Temple.
  4996 | Temple   | Entered the Ecumenical Temple
  5605 | D:5      | Reached skill level 6 in Earth Magic
  6234 | D:6      | Reached skill level 5 in Conjurations
  6264 | D:6      | Reached XP level 9. HP: 40/53 MP: 1/16
  6359 | D:6      | Reached skill level 5 in Fighting
  6809 | D:7      | Reached skill level 5 in Spellcasting
  6809 | D:7      | Reached skill level 7 in Earth Magic
  7229 | D:7      | You fall into a shaft and drop 3 floors!
  7229 | D:10     | Entered Level 10 of the Dungeon
  7525 | D:10     | Reached skill level 5 in Stealth
  7690 | D:10     | Reached XP level 10. HP: 59/60 MP: 3/18
  7742 | D:10     | Found a runed translucent gate.
  7747 | D:10     | Found a runed translucent gate.
  7747 | D:10     | Found a runed translucent gate.
  7749 | D:10     | Noticed Eitelfritz's ghost (novice MiGl)
  7776 | D:10     | Reached skill level 8 in Earth Magic
  7881 | D:9      | Noticed a manticore
  7931 | D:9      | Noticed a centaur warrior
  8411 | D:8      | Noticed Joseph
  8417 | D:8      | Killed Joseph
  8418 | D:8      | Reached skill level 5 in Armour
  8679 | D:7      | Killed an unseen horror
  9427 | D:8      | Noticed Prince Ribbit
  9521 | D:7      | Killed Prince Ribbit
  9522 | D:7      | Reached skill level 9 in Earth Magic
 10039 | D:8      | Found a staircase to the Lair.
 10041 | D:8      | Noticed an elephant
 10238 | D:8      | Killed an elephant
 10239 | D:8      | Reached XP level 11. HP: 68/68 MP: 10/21
 10563 | D:9      | Killed a manticore
 10581 | D:9      | Killed a centaur warrior
 11735 | Lair:1   | Entered Level 1 of the Lair of Beasts
 12040 | Lair:1   | Mangled by a blink frog

Illustrated notes

Levels and vault maps discovered:
D:1:      lemuel_arrival_cross, layout_loops_ring,
          ebering_ecumenical_altar_abandoned, st_stairs_14
D:2:      minmay_alternating_diamond, layout_basic, serial_undead,
          serial_undead_c, serial_undead_f, serial_undead_c, serial_undead_d,
          minmay_close_crescents
D:3:      layout_basic
D:4:      kennysheep_six_static_rooms, layout_cave_pools, slow_altar_2
D:5:      layout_basic, minmay_temple_entry_statues_fountains
D:6:      layout_cave_pools, st_stairs_13
D:7:      layout_layer_cave, kennysheep_another_room,
          nicolae_elevator_lobby_asterisk
D:8:      layout_cave_pods, david_lair_generic, uniq_prince_ribbit1, uniq_joseph
D:9:      layout_basic, enter_bailey_3
D:10:     layout_stronghold, gammafunk_ghost_ooze, nrook_mini_backslash
Temple:   nicolae_temple_the_god_donut
Lair:1:   layout_hall_layers, columned_hall_lemuel

Skill      XL: |  1  2  3  4  5  6  7  8  9 10 11 |
---------------+----------------------------------+-----
Conjurations   | 1 2 3 4 5 6 7 8 |  8.5
Fighting       | 1 2 3 4 6 7 8 |  8.3
Earth Magic    | 4 5 6 7 9 |  9.9
Armour         | 1 2 3 4 5 |  5.9
Dodging        | 2 3 4 |  4.8
Stealth        | 3 4 5 |  5.0
Spellcasting   | 3 4 5 6 7 |  7.3
Transmutations | |  0.7

Action                   |  1- 3 |  4- 6 |  7- 9 | 10-12 || total
-------------------------+-------+-------+-------+-------++-------
Melee: Unarmed           |     6 |       |       |       ||     6
       Short sword       |    23 |    85 |       |       ||   108
       Punch             |       |     1 |       |       ||     1
       Quarterstaff      |       |       |    59 |   107 ||   166
Throw: Dart              |     2 |       |       |       ||     2
 Cast: Sandblast         |    39 |    67 |    41 |     5 ||   152
       Stone Arrow       |       |       |    54 |   113 ||   167
  Use: Scroll            |       |     3 |    11 |     3 ||    17
       Potion            |       |       |       |     3 ||     3
 Stab: Sleeping          |       |     5 |     2 |     2 ||     9
       Distracted        |       |       |     1 |       ||     1
Armor: Robe              |     2 |       |       |       ||     2
       Leather armour    |    21 |    47 |    52 |   107 ||   227
Dodge: Dodged            |    25 |    70 |    74 |   125 ||   294
